AoeStats
← 叱咤月海鱼鱼猫

Arena

508635379Analyzed
4v4 RM · 8d ago on Sep 23, 2026· 40m 37s· 8 players
Game mode
Random Map
Map size
Large (8 player)
Population
200
Speed
Normal
Resources
Standard
Victory
Conquest
Starting age
Dark Age
Ending age
Imperial Age
RankedLock teamsTeams togetherTeam positionsShared explorationLock speedFull tech treeHidden civsTurbo modeCheats
Victory
Defeat
🇦🇺 Bohemians · Australia
1071
+11
🇸🇬 Bengalis · Singapore
1033
+12
🇦🇺 Burgundians · Australia
1024
+13
🇨🇳 Franks · China
871
+19
🇦🇷 Maya · Argentina
1031
-17
🇨🇳 Britons · China
963
-14
906
-12
🇨🇳 Romans · China
905
-25
Reck1ess
5:18 Loom
10:31 Feudal Age
16:26 Castle Age
15:47 Double-Bit Axe
15:45 Horse Collar
22:25 Fletching
24:34 Heavy Plow
31:36 Imperial Age
29:25 Bodkin Arrow
31:14 Padded Archer Armor
32:34 Yeomen
32:33 Gold Mining
34:21 Chemistry
34:21 Stone Mining
34:36 Bracer
34:56 Heated Shot
35:28 Ballistics
35:21 Forging
37:12 Conscription
37:53 Leather Archer Armor
37:50 Elite Longbowman
maya knight
6:46 Loom
10:00 Feudal Age
18:09 Castle Age
26:04 Double-Bit Axe
33:21 Elite Skirmisher
33:54 Fletching
33:49 Eagle Warrior
36:28 Scale Mail Armor
39:06 Squires
40:07 Forging
御园莓华世界一かわい
7:37 Loom
9:43 Feudal Age
11:23 Loom
14:36 Castle Age
13:09 Double-Bit Axe
14:09 Horse Collar
21:52 Wheelbarrow
21:11 Gold Mining
23:35 Gold Shaft Mining
23:50 Forging
24:19 Stone Mining
25:51 Hand Cart
26:42 Bow Saw
28:50 Heavy Plow
31:25 Imperial Age
29:01 Heavy Plow
29:08 Town Watch
29:53 Town Patrol
30:51 Scale Mail Armor
31:27 Iron Casting
30:52 Gambesons
30:53 Arson
31:09 Squires
31:30 Fortified Wall
33:48 Chemistry
33:53 Chain Mail Armor
33:27 Elite Varangian Guard
34:33 Conscription
34:41 Elite Hearth Troop
37:00 Plate Mail Armor
37:53 Fletching
38:09 Elite Skirmisher
38:49 Bodkin Arrow
38:32 Shield Wall
叱咤月海鱼鱼猫
11:41 Feudal Age
12:58 Wheelbarrow
12:22 Double-Bit Axe
21:01 Castle Age
19:21 Horse Collar
22:37 Heavy Plow
25:28 Hand Cart
27:10 Stone Mining
27:14 Gold Mining
28:29 Bow Saw
29:52 Forging
30:17 Scale Mail Armor
34:42 Gold Shaft Mining
35:28 Man-at-Arms
37:34 Long Swordsman
8886Sar
11:24 Feudal Age
12:35 Double-Bit Axe
15:59 Castle Age
15:34 Double-Bit Axe
15:34 Horse Collar
17:14 Bow Saw
21:16 Loom
22:07 Wheelbarrow
22:16 Heavy Plow
29:09 Imperial Age
26:55 Hand Cart
26:26 Town Watch
27:38 Fletching
27:49 Padded Archer Armor
28:15 Bodkin Arrow
29:29 Leather Archer Armor
30:16 Conscription
29:37 Siege Elephant
29:48 Elite Elephant Archer
31:54 Two-Man Saw
32:03 Bracer
33:25 Chemistry
34:29 Ring Archer Armor
34:50 Siege Elephant
36:10 Ballistics
39:54 Elite Ratha (Ranged)
40:47 Paiks
帝国大仲马
10:59 Feudal Age
15:20 Castle Age
13:53 Double-Bit Axe
13:50 Horse Collar
14:11 Loom
17:16 Bow Saw
17:29 Fletching
20:40 Wheelbarrow
25:48 Heavy Plow
30:38 Imperial Age
30:42 Chemistry
30:06 Ballistics
29:19 Elite Skirmisher
30:49 Hand Cart
30:20 Town Watch
38:46 Two-Man Saw
38:55 Fortified Wall
76561199017414489
4:53 Loom
11:32 Feudal Age
16:13 Castle Age
14:04 Double-Bit Axe
17:25 Bow Saw
28:44 Gold Mining
28:44 Stone Mining
30:04 Gold Shaft Mining
33:08 Imperial Age
30:46 Scale Barding Armor
30:52 Forging
32:13 Wheelbarrow
31:25 Town Watch
33:43 Chain Barding Armor
33:58 Iron Casting
34:03 Hand Cart
34:02 Town Patrol
34:08 Town Patrol
35:40 Plate Barding Armor
36:46 Blast Furnace
36:13 Conscription
35:56 Cavalier
36:38 Husbandry
37:11 Paladin
123
5:07 Loom
8:18 Double-Bit Axe
11:24 Feudal Age
15:14 Castle Age
13:38 Horse Collar
14:50 Heavy Plow
20:43 Bow Saw
21:26 Crop Rotation
24:29 Two-Man Saw
24:59 Wheelbarrow
25:10 Town Watch
26:11 Hand Cart
31:00 Imperial Age
29:30 Forging
29:32 Scale Barding Armor
29:43 Husbandry
29:52 Cavalier
31:50 Paladin
36:14 Iron Casting
36:00 Chain Barding Armor
35:51 Gold Mining
37:40 Gold Shaft Mining
37:33 Burgundian Vineyards
Connection lost

Rejoining the realm…

Still unreachable

The connection could not be restored.

Session expired

The server has moved on; the page needs a fresh start.